 Dungeon Crawl Stone Soup version 0.29.1-1-gd02db6906a (webtiles) character file.

Game seed: 13826835178330862216

25 H0rd4k the Insei (level 3, -1/23 HPs)
             Began as an Octopode Transmuter on Oct 17, 2022.
             Slain by a frilled lizard (2 damage)
             ... on level 2 of the Dungeon.
             The game lasted 00:00:32 (903 turns).

H0rd4k the Insei (Octopode Transmuter)               Turns: 903, Time: 00:00:33

Health: -1/23      AC:  1    Str:  9    XL:     3   Next: 6%
Magic:  6/6        EV: 13    Int: 17    God:
Gold:   88         SH:  0    Dex: 12    Spells: 5/6 levels left

rFire   . . .      SeeInvis .     - Unarmed
rCold   . . .      Faith    .   (no shield)
rNeg    . . .      Spirit   .   (helmet restricted)
rPois   .          Reflect  .   (no amulet)
rElec   .          Harm     .   (no ring)
rCorr   .          Rampage  .   (no ring)
Will    .....                   (no ring)
Stlth   ++........              (no ring)
HPRegen 0.07/turn               (no ring)
MPRegen 0.10/turn               (no ring)
                                (no ring)
                                (no ring)

@: no status effects
A: almost no armour, amphibious, 8 rings, camouflage 1, gelatinous body 1,
(nimble swimmer 1), tentacles
a: no special abilities


You were on level 2 of the Dungeon.
You visited 1 branch of the dungeon, and saw 2 of its levels.

You collected 88 gold pieces.

Inventory:

Scrolls
 e - a scroll of summoning {unknown}
Potions
 a - a potion of lignification
 b - 2 potions of degeneration {unknown}
 c - a potion of haste {unknown}
 d - a potion of heal wounds {unknown}
 f - 2 potions of attraction {unknown}
 g - a potion of ambrosia {unknown}
 h - a potion of brilliance {unknown}


   Skills:
 + Level 1.0 Fighting
 + Level 2.1 Dodging
 + Level 0.6 Stealth
 + Level 3.4 Unarmed Combat
 + Level 2.1 Spellcasting
 + Level 2.5 Transmutations


You had 5 spell levels left.
You knew the following spells:

 Your Spells              Type           Power      Damage    Failure   Level
a - Beastly Appendage     Tmut           20%        N/A       7%          1

Your spell library contained the following spells:

 Spells                   Type           Power      Damage    Failure   Level
 Wereblood                Tmut           10%        N/A       11%         2
 Spider Form              Tmut/Pois      6%         N/A       34%         3
 Dazzling Flash           Conj/Hex       2%         N/A       50%         3
 Ice Form                 Ice/Tmut       6%         N/A       75%         4
 Iskenderun's Mystic Bla  Conj/Tloc      1%         2d3       88%         4
 Starburst                Conj/Fire      0%         6d3       100%        6


Dungeon Overview and Level Annotations

Branches:
Dungeon (2/15)

Altars:


Innate Abilities, Weirdness & Mutations

You cannot wear most types of armour.
You are amphibious.
You can wear up to eight rings at the same time.
Your skin changes colour to match your surroundings (Stealth+).
Your rubbery body absorbs attacks. (AC +1, EV +1)
((You are camouflaged when in or above water. (Stealth+)))
You have tentacles for arms and can constrict up to eight enemies at once.


Message History

The jackal is severely wounded.
You constrict the jackal, but do no damage.
The jackal completely misses you.
You tentacle-slap the jackal.
You kill the jackal!
The jackal bites you.
You have reached level 3!
Your experience leads to an increase in your attributes!
Increase (S)trength, (I)ntelligence, or (D)exterity?
You feel clever. x2
You tentacle-slap the jackal. Your grab misses the jackal.
Your squeeze misses the jackal.
The jackal is heavily wounded.
The jackal bites you.
* * * LOW HITPOINT WARNING * * *
You closely miss the jackal. Your grab misses the jackal.
The jackal is heavily wounded.
The jackal bites you.
* * * LOW HITPOINT WARNING * * *
You closely miss the jackal. Your grab misses the jackal.
The jackal is heavily wounded.
The jackal misses you.
The jackal bites you but does no damage.
You closely miss the jackal. Your grab misses the jackal.
The jackal is heavily wounded.
The jackal bites you.
* * * LOW HITPOINT WARNING * * *
You tentacle-slap the jackal but do no damage.
Your grab misses the jackal.
The jackal is heavily wounded.
The jackal closely misses you.
You closely miss the jackal. You grab the jackal.
The jackal is heavily wounded.
You constrict the jackal. The jackal closely misses you.
You tentacle-slap the jackal.
You kill the jackal!
You closely miss the frilled lizard. Your grab misses the frilled lizard.
You miss the frilled lizard. You grab the frilled lizard.
You constrict the frilled lizard. The frilled lizard bites you.
You die...

##..###.# ... ...#..
....!...# #.. ......
........#### #.########
........#.. ..........
........#.### #.#.......
........#...# #.#.##....
#..>.....#.# #.# +....
.....##l#.#.###.####....
<.h #@#.#.#........... .
#.#.#.#.#.#.#.....
#.#.#.#.#.#.......
..#.#.#+#.#.......
####.#.#.....#.#.####
#............#.#...#.
##.....##...##...#.#.
.....##.##..#######.#.
..... #.##.... #.#.


You could see a frilled lizard.

Vanquished Creatures
  An endoplasm (D:2)
  A giant cockroach (D:1)
  2 goblins (D:1)
  A hobgoblin (D:1)
  3 jackals (D:2)
  3 kobolds (D:1)
  A quokka (D:1)
  3 ball pythons (D:1)
  2 bats
  2 frilled lizards
  6 rats (D:1)
25 creatures vanquished.

Notes
Turn   | Place    | Note
-------+----------+-------------------------------------------
     0 | D:1      | H0rd4k the Octopode Transmuter began the quest for the Orb.
     0 | D:1      | Reached XP level 1. HP: 13/13 MP: 3/3
   125 | D:1      | Reached XP level 2. HP: 18/18 MP: 5/5
   895 | D:2      | Reached XP level 3. HP: 8/23 MP: 6/6
   898 | D:2      | HP: 1/23 [jackal (2)]
   903 | D:2      | Slain by a frilled lizard

Illustrated notes

Levels and vault maps discovered:
D:1:      dpeg_arrival_ratfight, layout_rooms
D:2:      layout_basic, kennysheep_nub, chequers_arboretum, uniq_terence,
          uniq_natasha

Action                   || total
-------------------------++-------
Melee: Unarmed           ||    69
       Constrict         ||    16
       Punch             ||     2
       Tentacles         ||     4
 Stab: Sleeping          ||     3
Armor: Skin              ||     7
Dodge: Dodged            ||    44
